 Dungeon Crawl Stone Soup version 0.27-a0-562-g0d39f094a4 (webtiles) character file.

Game seed: 1812292263316767324

39506 Anon1729 the Zephyrmancer (level 13, -18/86 HPs)
             Began as a Demigod Air Elementalist on Mar 8, 2021.
             Demolished by a death yak (44 damage)
             ... on level 4 of the Lair of Beasts.
             The game lasted 00:41:00 (26967 turns).

Anon1729 the Zephyrmancer (DgAE)                   Turns: 26967, Time: 00:41:01

Health: -18/86     AC:  6    Str:  9    XL:     13   Next: 35%
Magic:  6/40       EV: 12    Int: 33    God:
Gold:   597        SH:  0    Dex: 20    Spells: 13/32 levels left

rFire    . . .     SeeInvis +   D - +4 quarterstaff (chaos)
rCold    . . .     Faith    .   (shield currently unavailable)
rNeg     . . .     Spirit   .   a - +0 robe
rPois    .         Reflect  .   J - +2 hat {Will+}
rElec    .         Harm     .   j - +0 cloak
rCorr    .         Rampage  .   v - +0 pair of gloves
Will     ++...                  (no boots)
Stlth    ++........             (no amulet)
HPRegen  0.24/turn              l - ring of magical power
MPRegen  0.27/turn              r - ring of Birdsong {+Inv Dex+6 SInv}

@: sleeping
A: high mp 1, forlorn
a: Evoke Invisibility


You were on level 4 of the Lair of Beasts.
You visited 2 branches of the dungeon, and saw 16 of its levels.

You collected 817 gold pieces.
You spent 220 gold pieces at shops.

Inventory:

Hand Weapons
 b - a +2 dagger of venom
 o - a +0 spear
 D - a +4 quarterstaff of chaos (weapon)
Armour
 a - a +0 robe (worn)
 j - a +0 cloak (worn)
 n - a +0 kite shield
 v - a +0 pair of gloves (worn)
 J - a +2 hat of willpower (worn)
Jewellery
 d - a ring of ice
 h - a ring of ice
 l - a ring of magical power (left hand)
 q - a ring of protection from fire
 r - the ring of Birdsong (right hand) {+Inv Dex+6 SInv}
   (You acquired it on level 11 of the Dungeon)

   [ring of dexterity]

   It affects your dexterity (+6).
   It lets you see invisible.
   It lets you turn invisible.
 t - an amulet of guardian spirit
 C - a ring of poison resistance
 I - a ring of ice
 S - a ring of ice
Wands
 x - a wand of iceblast (17)
 z - a wand of digging (5)
 A - a wand of random effects (14)
 G - a wand of polymorph (12)
 M - a wand of flame (14)
Scrolls
 c - 4 scrolls of enchant weapon
 f - 4 scrolls of teleportation
 i - 5 scrolls of immolation
 m - 3 scrolls of amnesia
 s - 4 scrolls of magic mapping
 u - a scroll of fear
 y - a scroll of enchant armour
 B - 5 scrolls of fog
 E - 2 scrolls of blinking
 L - a scroll of holy word
Potions
 e - 3 potions of heal wounds
 g - 3 potions of brilliance
 k - 12 potions of curing
 p - 2 potions of berserk rage
 w - 3 potions of mutation
 F - a potion of haste
 H - a potion of flight {unknown}
 K - a potion of attraction {unknown}
 O - 5 potions of ambrosia
 P - a potion of degeneration {unknown}
 R - 2 potions of might
Miscellaneous
 N - a box of beasts
 Q - a lightning rod (4/4)


   Skills:
 - Level 2.0 Dodging
 - Level 2.0 Stealth
 + Level 10.1 Spellcasting
 + Level 10.9 Conjurations
 - Level 3.0 Summonings
 * Level 14.3 Air Magic
 + Level 5.3 Evocations


You had 13 spell levels left.
You knew the following spells:

 Your Spells              Type           Power      Damage    Failure   Level
a - Shock                 Conj/Air       100%       1d9       0%          1
b - Swiftness             Air            84%        N/A       0%          2
c - Static Discharge      Conj/Air       79%        N/A       1%          3
d - Airstrike             Air            42%        N/A       1%          4
e - Lightning Bolt        Conj/Air       39%        1d58      1%          5
f - Summon Lightning Spi  Summ/Air       65%        N/A       1%          4

Your spell library contained the following spells:

 Spells                   Type           Power      Damage    Failure   Level
 Summon Small Mammal      Summ           100%       N/A       1%          1
 Call Imp                 Summ           36%        N/A       1%          2
 Poisonous Vapours        Pois/Air       100%       N/A       1%          2
 Conjure Flame            Conj/Fire      51%        6-21      1%          3
 Mephitic Cloud           Conj/Pois/Air  64%        N/A       1%          3
 Sting                    Tmut/Pois      64%        1d6       2%          1
 Call Canine Familiar     Summ           36%        N/A       2%          3
 Blink                    Tloc           N/A        N/A       4%          2
 Summon Guardian Golem    Hex/Summ       26%        N/A       4%          3
 Gell's Gravitas          Tloc           8%         N/A       9%          3
 Ignite Poison            Fire/Tmut/Pois 16%        N/A       9%          3
 Lesser Beckoning         Tloc           8%         N/A       9%          3
 Teleport Other           Tloc           16%        N/A       9%          3
 Freezing Cloud           Conj/Ice/Air   32%        6-21      14%         6
 Summon Ice Beast         Ice/Summ       26%        N/A       16%         4
 Manifold Assault         Tloc           16%        N/A       28%         4
 Olgreb's Toxic Radiance  Pois           16%        N/A       28%         4


Dungeon Overview and Level Annotations

Branches:
Dungeon (12/15)            Temple (0/1) D:7            Lair (4/6) D:9
  Snake (0/4) Lair:3          Orc (0/2) D:10
  Swamp: Lair:2-4    Shoals: Lair:2-4

Shops:
D:7 ?

Annotations:
D:6 Maggie


Innate Abilities, Weirdness & Mutations

Your attributes grow dramatically as you level up.
You have an increased reservoir of magic. (+10% MP)
You shall have no god before yourself.


Message History

A death yak comes into view.
The komodo dragon bites you!!
Unknown command.
Casting: Lightning Bolt (dangerous; 1% risk of failure)
Confirm with . or Enter, or press ? or * to list all spells.
The death yak is struck by an arc of lightning!
You kill the death yak!
You are struck by an arc of lightning.
The komodo dragon is struck by an arc of lightning.
The komodo dragon is lightly wounded.
You are struck by an arc of lightning.
The lightning grounds out.
The komodo dragon is struck by an arc of lightning!
The komodo dragon is heavily wounded.
You are struck by an arc of lightning.
The komodo dragon is struck by an arc of lightning!
The komodo dragon is heavily wounded.
You are struck by an arc of lightning.
* * * LOW HITPOINT WARNING * * *
The lightning grounds out.
The komodo dragon completely misses you.
Casting: Static Discharge (safe; 1% risk of failure)
Confirm with . or Enter, or press ? or * to list all spells.
Aiming: Lightning Bolt (mildly dangerous; 1% risk of failure)
Press: ? - help, Shift-Dir - straight line, f/p - death yak
Aim: a death yak (moderately wounded, 12% to evade)
You hear a mighty clap of thunder!
The bolt of lightning hits the komodo dragon!!!
You kill the komodo dragon!
The bolt of lightning hits the dream sheep.
The dream sheep is severely wounded.
The bolt of lightning hits the death yak!!!
You kill the death yak!
You hear a loud, deep croak!
You hear a bellow!
A dream sheep comes into view.
The dream sheep ruffles its wool and motes of dream dust sparkle, to no effect.
The dream sheep shake their wool and sparkle.
You feel drowsy...
You fall asleep.
The death yak gores you!!!
Ouch! That really hurt!
You die...

## . ##. ##..# ###.#
..P# #...# ###..#
#..@# #....# #.YY#
#...# #...## ##..##
#..Y.#
#....######.Y.##
#............Y#
#...#....†...Y#####.#.
#...###.##..†#(...Y...
###.# #####.....Y.....


You could see 4 death yaks and 2 dream sheep.

Vanquished Creatures
  Frances (D:12)
  3 hydras
  A boulder beetle (D:12)
  Harold (D:11)
  A two-headed ogre (D:10)
  The ghost of Lanoc the Destroyer, a novice HuHu of Vehumet (D:8)
  3 death yaks (Lair:4)
  A necromancer (Lair:4)
  4 oklob plants (Lair:2)
  A faun (Lair:2)
  A manticore (D:11)
  2 ugly things
  8 elephants
  A black mamba (Lair:3)
  Maurice (D:8)
  A merfolk siren (Lair:4)
  5 cane toads
  Psyche (D:11)
  6 komodo dragons
  A kobold demonologist (D:11)
  A troll (D:10)
  A hornet (D:8)
  Prince Ribbit (D:6)
  A polar bear (Lair:4)
  2 dream sheep (Lair:4)
  4 blink frogs (Lair:2)
  A water elemental (D:12)
  2 wyverns
  A wraith (D:10)
  27 yaks
  A basilisk (Lair:2)
  Grum (D:9)
  2 wargs
  2 nagas
  8 water moccasins
  An acid dragon (D:12)
  4 ice beasts
  18 orc warriors
  5 black bears
  An eye of draining (D:10)
  2 elephant zombies (Lair:4)
  2 necrophages
  6 sky beasts
  5 ogres
  7 centaurs
  40 wolves
  2 komodo dragon zombies (Lair:4)
  3 phantoms
  Blork the orc (D:5)
  3 kobold brigands
  18 bullfrogs
  A gnoll sergeant (D:8)
  2 water moccasin zombies
  4 scorpions
  A water moccasin skeleton (D:4)
  3 killer bees (D:6)
  4 wights (D:10)
  A howler monkey (D:7)
  5 electric eels
  3 bullfrog zombies
  3 centaur zombies
  A basilisk zombie (Lair:4)
  5 jellies
  2 centaur skeletons (D:6)
  8 hounds
  Crazy Yiuf (D:7)
  A bullfrog skeleton (D:11)
  12 orc priests
  Jessica (D:3)
  4 hell rats (Lair:4)
  4 iguanas
  Ijyb (D:2)
  6 orc wizards
  8 worker ants
  A hound zombie (D:6)
  2 hound skeletons
  Robin (D:2)
  13 gnolls
  15 adders
  2 shadow imps
  4 white imps
  4 ufetubi
  3 adder skeletons
  3 worms
  A dart slug (D:5)
  6 leopard geckos
  61 orcs
  11 giant cockroaches
  12 goblins
  7 hobgoblins
  8 jackals
  10 quokkas
  3 ball pythons
  6 bats
  3 frilled lizards
  20 kobolds
  A leopard gecko zombie (D:5)
  A quokka skeleton (D:6)
  8 rats
504 creatures vanquished.

Vanquished Creatures (collateral kills)
  A rime drake (Lair:4)
1 creature vanquished.

Vanquished Creatures (others)
  A bullfrog (Lair:1)
  50 fungi
  78 plants
129 creatures vanquished.

Grand Total: 634 creatures vanquished

Notes
Turn   | Place    | Note
-------+----------+-------------------------------------------
     0 | D:1      | Anon1729 the Demigod Air Elementalist began the quest for
                  | the Orb.
     0 | D:1      | Reached XP level 1. HP: 14/14 MP: 5/5
   147 | D:1      | Reached skill level 1 in Conjurations
   407 | D:1      | Reached XP level 2. HP: 19/20 MP: 0/7
   913 | D:1      | Learned a level 2 spell: Swiftness
   996 | D:2      | Reached skill level 3 in Air Magic
  1080 | D:2      | Noticed Robin
  1146 | D:2      | Killed Robin
  1147 | D:2      | Reached XP level 3. HP: 26/26 MP: 0/9
  1498 | D:2      | Reached XP level 4. HP: 33/33 MP: 0/10
  2111 | D:3      | Noticed Ijyb
  2330 | D:2      | Killed Ijyb
  2541 | D:3      | Reached XP level 5. HP: 38/38 MP: 8/12
  2658 | D:3      | Noticed Jessica
  2660 | D:3      | Killed Jessica
  3466 | D:4      | Reached skill level 4 in Air Magic
  3750 | D:4      | Reached XP level 6. HP: 6/45 MP: 4/14
  4946 | D:5      | Entered Level 5 of the Dungeon
  5148 | D:4      | Learned a level 3 spell: Static Discharge
  5153 | D:4      | Learned a level 4 spell: Airstrike
  5452 | D:5      | Noticed Blork the orc
  5455 | D:5      | Killed Blork the orc
  5456 | D:5      | Reached XP level 7. HP: 47/50 MP: 3/16
  5589 | D:5      | Reached skill level 5 in Air Magic
  6458 | D:6      | Noticed Prince Ribbit
  6465 | D:6      | Killed Prince Ribbit
  6466 | D:6      | Reached skill level 5 in Conjurations
  6466 | D:6      | Reached skill level 6 in Air Magic
  6466 | D:6      | Reached XP level 8. HP: 52/57 MP: 4/18
  6482 | D:6      | Reached skill level 5 in Spellcasting
  7346 | D:6      | Reached skill level 7 in Air Magic
  7498 | D:6      | Noticed Maggie
  7506 | D:6      | Learned a level 5 spell: Lightning Bolt
  8251 | D:6      | Identified the +2 robe of Immorality {+Inv rN+ Int-4}
  8727 | D:7      | Found Uhoky's Magic Scroll Shop.
  8736 | D:7      | Bought a scroll of fog for 26 gold pieces
  8736 | D:7      | Bought a scroll of identify for 26 gold pieces
  8736 | D:7      | Bought a scroll of magic mapping for 45 gold pieces
  8736 | D:7      | Bought a scroll of blinking for 97 gold pieces
  8736 | D:7      | Bought a scroll of identify for 26 gold pieces
  8884 | D:7      | Found a staircase to the Ecumenical Temple.
  8908 | D:7      | Reached XP level 9. HP: 33/62 MP: 5/21
  9151 | D:7      | Reached skill level 8 in Air Magic
  9390 | D:7      | Found a runed translucent door.
  9391 | D:7      | Noticed Crazy Yiuf
  9870 | D:7      | Killed Crazy Yiuf
 10538 | D:8      | Reached skill level 9 in Air Magic
 10733 | D:8      | Found a runed translucent gate.
 10733 | D:8      | Found a runed translucent gate.
 10734 | D:8      | Noticed Lanoc's ghost (novice HuHu)
 10734 | D:8      | Found a runed translucent gate.
 10769 | D:8      | Noticed Maurice
 10770 | D:8      | Killed Maurice
 11628 | D:8      | Killed Lanoc's ghost
 11629 | D:8      | Reached XP level 10. HP: 47/69 MP: 0/24
 12152 | D:9      | Reached skill level 10 in Air Magic
 13256 | D:9      | You fall into a shaft and drop 1 floor!
 13256 | D:10     | Entered Level 10 of the Dungeon
 13827 | D:9      | Noticed Grum
 13832 | D:9      | Killed Grum
 14019 | D:9      | Found a staircase to the Lair.
 14108 | D:10     | Found a staircase to the Orcish Mines.
 14337 | D:10     | Noticed a two-headed ogre
 14341 | D:10     | Killed a two-headed ogre
 14342 | D:10     | Reached skill level 11 in Air Magic
 14816 | D:10     | Reached XP level 11. HP: 40/74 MP: 11/27
 16294 | D:11     | Noticed Psyche
 16297 | D:11     | Killed Psyche
 16874 | D:11     | Reached skill level 12 in Air Magic
 17702 | D:11     | Noticed Harold
 17924 | D:11     | Killed Harold
 18502 | D:12     | Noticed Frances
 18510 | D:12     | Killed Frances
 18731 | D:11     | Identified a scroll of acquirement
 18735 | D:11     | Acquired the ring of Birdsong {+Inv Dex+6 SInv}
 19036 | D:12     | Noticed a boulder beetle
 19043 | D:12     | Learned a level 4 spell: Summon Lightning Spire
 19055 | D:12     | Killed a boulder beetle
 19681 | Lair:1   | Entered Level 1 of the Lair of Beasts
 19785 | Lair:1   | Reached skill level 1 in Summonings
 19785 | Lair:1   | Reached skill level 1 in Evocations
 19915 | Lair:1   | Reached XP level 12. HP: 53/81 MP: 4/29
 21417 | Lair:2   | Reached skill level 13 in Air Magic
 22072 | Lair:2   | Reached skill level 10 in Conjurations
 23964 | Lair:3   | Noticed a four-headed hydra
 24240 | Lair:3   | Found a staircase to the Snake Pit.
 25055 | Lair:3   | Killed a four-headed hydra
 25056 | Lair:3   | Reached XP level 13. HP: 86/86 MP: 14/31
 25771 | Lair:4   | Reached skill level 14 in Air Magic
 26236 | Lair:4   | Reached skill level 10 in Spellcasting
 26452 | Lair:4   | Reached skill level 5 in Evocations
 26967 | Lair:4   | Demolished by a death yak

Illustrated notes

Levels and vault maps discovered:
D:1:      ncdulo_watergridlock, layout_rooms, minmay_worlds_worst_comb
D:2:      layout_basic, uniq_robin
D:3:      layout_loops_ring, uniq_jessica, uniq_ijyb
D:4:      layout_loops_corners, serial_glass, glass_columns_a, glass_columns_b
D:5:      layout_basic, uniq_blork_the_orc
D:6:      minmay_angry_zag, layout_loops_ring, gammafunk_temple_overflow_claw,
          overflow_temple_1_default, serial_bayou, serial_bayou_lagoon_a,
          serial_bayou_pond_d, serial_bayou_pond_b, serial_bayou_shore_b,
          kennysheep_crisscross, minmay_misc_feat_hallway, grunt_ministairs_14,
          uniq_prince_ribbit1, uniq_maggie
D:7:      layout_rooms, minmay_temple_entry_mini_moons, serial_shops, shop,
          kennysheep_small_circle, uniq_crazy_yiuf_cottage
D:8:      minmay_evil_eye, layout_basic, biasface_ghost_orc_armoury,
          okawaru_altar_gauntlet_db, uniq_maurice
D:9:      layout_roguey, grunt_lair_entry_orc_guard_hut, uniq_grum
D:10:     layout_grid_maze, orc_0_dummy, st_stairs_3, chequers_avenue
D:11:     layout_roguey [special_room_orc], chequers_mini_garden, uniq_psyche,
          uniq_harold
D:12:     layout_basic, uniq_frances
Lair:1:   beast_lair_carwin_large_4, layout_gridlike, lemuel_another_geyser
Lair:2:   minmay_lair_oklob_tunnel, layout_chaotic_city, basic_altar,
          grunt_forest_large_clearings
Lair:3:   layout_long_grid, guppyfry_snake_entry_garden, lemuel_centaur_altar
Lair:4:   pond_and_an_island_with_a_cottage, layout_concentric_octagons,
          minmay_shoals_entry_lonely_mermaid

Skill      XL: |  1  2  3  4  5  6  7  8  9 10 11 12 13 |
---------------+----------------------------------------+-----
Conjurations   | 1 2 3 4 5 6 7 8 9 10 | 10.9
Stealth        | 2 |  2.0
Dodging        | 2 |  2.0
Spellcasting   | 2 3 4 5 6 7 9 10 | 10.1
Air Magic      | 3 4 6 7 9 11 12 13 14 | 14.3
Summonings     | 1 3 |  3.0
Evocations     | 1 4 5 |  5.3

Action                   |  1- 3 |  4- 6 |  7- 9 | 10-12 | 13-15 || total
-------------------------+-------+-------+-------+-------+-------++-------
Melee: Unarmed           |    21 |    17 |       |       |       ||    38
       Dagger            |       |    23 |    18 |       |       ||    41
       Quarterstaff      |       |       |    25 |    63 |     2 ||    90
 Cast: Shock             |    76 |   145 |   261 |   185 |     3 ||   670
       Airstrike         |       |     5 |    55 |   293 |    65 ||   418
       Lightning Bolt    |       |       |    11 |    79 |    20 ||   110
       Static Discharge  |       |       |     1 |     8 |     1 ||    10
       Swiftness         |       |       |     1 |     1 |     1 ||     3
       Summon Lightning  |       |       |       |     1 |     2 ||     3
  Use: Scroll            |       |       |    12 |     8 |     1 ||    21
       Potion            |       |       |       |     1 |       ||     1
 Stab: Paralysed         |       |       |       |     2 |       ||     2
       Petrified         |       |       |       |     6 |       ||     6
       Petrifying        |       |       |       |     1 |       ||     1
Armor: Robe              |     7 |    21 |    35 |    42 |     5 ||   110
Dodge: Dodged            |    14 |    41 |   121 |   115 |    19 ||   310

Table legend: (Time is in decaauts)
 A = Elapsed time spent in this place.
 B = Non-inter-level travel time spent in this place.
 C = Inter-level travel time spent in this place.
 D = Time resting spent in this place.
 E = Time spent auto-exploring this place.
 F = Levels seen in this place.
 G = Mean time per level.
                   A        B        C        D        E       F      G
               +--------+--------+--------+--------+--------+-----+--------+
         Total |  27047 |  26217 |    830 |   7565 |  15731 |  16 | 1690.4 |
       Dungeon |  19989 |  19278 |    711 |   4736 |  12437 |  12 | 1665.8 |
          Lair |   7057 |   6938 |    119 |   2829 |   3293 |   4 | 1764.2 |
               +--------+--------+--------+--------+--------+-----+--------+

Top non-repeatable levels by time:
  Lair:2: 2604 daAuts
  Lair:3: 2462 daAuts
    D:10: 2406 daAuts
     D:6: 2129 daAuts
     D:9: 2116 daAuts
     D:8: 2068 daAuts
     D:4: 1837 daAuts
    D:11: 1826 daAuts
    D:12: 1643 daAuts
     D:7: 1523 daAuts
     D:2: 1468 daAuts
  Lair:1: 1253 daAuts
     D:5: 1114 daAuts
     D:1: 984 daAuts
     D:3: 870 daAuts
